| TOP OF THE 1ST |
|
Scranton WB RailRiders batting - Pitching for Charlotte Knights : RHP Brett Kitchen
|
|
Pitching: RHP Brett Kitchen
|
|
|
Batting: SHB Jay Gagnon
|
0-0: Fly out, F6 (Popup, 6MD, EV 65.6 MPH)
|
|
Batting: RHB Andy Wasierski
|
0-0: Called Strike 0-1: Ball 1-1: Foul Ball, location: 2F 1-2: Foul Ball, location: 2F 1-2: Foul Ball, location: 2F 1-2: Foul Ball, location: 2F 1-2: Ground out 5-3 (Groundball, 5S, EV 83.1 MPH)
|
|
Batting: RHB Devon Utley
|
0-0: Swinging Strike 0-1: Foul Ball, location: 2F 0-2: Ball 1-2: Foul Ball, location: 2F 1-2: Strikes out looking
|
| Top of the 1st over - 0 runs, 0 hits, 0 errors, 0 left on base; Scranton WB 0 - Charlotte 0 |
| BOTTOM OF THE 1ST |
|
Charlotte Knights batting - Pitching for Scranton WB RailRiders : RHP Jason Sterner
|
|
Pitching: RHP Jason Sterner
|
|
|
Batting: RHB Jeremy Hoffert
|
0-0: Ball 1-0: Ball 2-0: Foul Ball, location: 2F 2-1: Ball 3-1: Swinging Strike 3-2: Ground out 6-3 (Groundball, 6, EV 101.2 MPH)
|
|
Batting: LHB Justin Stickney
|
0-0: Ball 1-0: Foul Ball, location: 2F 1-1: Foul Ball, location: 2F 1-2: Ball 2-2: Fly out, F8 (Flyball, 8LXD, EV 99.4 MPH)
|
|
Batting: LHB Ricardo Pagan
|
0-0: Foul Ball, location: 2F 0-1: Foul Ball, location: 2F 0-2: Ball 1-2: Ground out 6-3 (Groundball, 6, EV 80.6 MPH)
|
| Bottom of the 1st over - 0 runs, 0 hits, 0 errors, 0 left on base; Scranton WB 0 - Charlotte 0 |
| TOP OF THE 2ND |
|
Scranton WB RailRiders batting - Pitching for Charlotte Knights : RHP Brett Kitchen
|
|
Batting: LHB Aaron Joyner
|
0-0: Fly out, F8 (Flyball, 78M, EV 97.5 MPH)
|
|
Batting: SHB Ryan Buchbinder
|
0-0: Ground out 6-3 (Groundball, 6, EV 107.5 MPH)
|
|
Batting: RHB Mike Gifford
|
0-0: Called Strike 0-1: Hit by Pitch
|
|
Batting: SHB Joe Fure
|
0-0: Ball 1-0: Ball 2-0: Ball 3-0: Called Strike 3-1: Foul Ball, location: 2F 3-2: Foul Ball, location: 2F 3-2: SINGLE (Groundball, 56D, EV 100.6 MPH) (infield hit) Mike Gifford to second
|
|
Pinch Runner at 1st Jose Lebron:
|
|
|
Batting: RHB Josh Zoglmann
|
0-0: Called Strike 0-1: Foul Ball, location: 2F 0-2: Fielders Choice at 2nd, 5-4 (Groundball, 56, EV 93.8 MPH)
|
| Top of the 2nd over - 0 runs, 1 hit, 0 errors, 2 left on base; Scranton WB 0 - Charlotte 0 |
| BOTTOM OF THE 2ND |
|
Charlotte Knights batting - Pitching for Scranton WB RailRiders : RHP Jason Sterner
|
|
Now in LF: Jose Lebron
|
|
|
Batting: RHB Mike Warzecha
|
0-0: Ball 1-0: Foul Ball, location: 2F 1-1: Foul Ball, location: 2F 1-2: SINGLE (Groundball, 34D, EV 105.6 MPH)
|
|
Batting: LHB John Thurman
|
0-0: Ball 1-0: Called Strike 1-1: Foul Ball, location: 2F 1-2: Strikes out swinging
|
|
Batting: RHB Kikuo Sato
|
0-0: Fielders Choice at 2nd, 6-4 (Groundball, 6M, EV 96.9 MPH)
|
|
Batting: SHB Josh Conner
|
0-0: Ground out 4-3 (Groundball, 34, EV 86.9 MPH)
|
| Bottom of the 2nd over - 0 runs, 1 hit, 0 errors, 1 left on base; Scranton WB 0 - Charlotte 0 |
| TOP OF THE 3RD |
|
Scranton WB RailRiders batting - Pitching for Charlotte Knights : RHP Brett Kitchen
|
|
Batting: SHB Jose Vargas
|
0-0: Ball 1-0: Ball 2-0: Ball 3-0: Called Strike 3-1: Fly out, F8 (Flyball, 78D, EV 101.2 MPH)
|
|
Batting: SHB Jay Gagnon
|
0-0: Swinging Strike 0-1: Ball 1-1: Foul Ball, location: 2F 1-2: SINGLE (Line Drive, 78S, EV 103.8 MPH)
|
|
Batting: RHB Andy Wasierski
|
0-0: Ball 1-0: Foul Ball, location: 2F 1-1: Ball 2-1: Ball 3-1: Foul Ball, location: 2F 3-2: Foul Ball, location: 2F 3-2: Foul Ball, location: 2F 3-2: SINGLE (Groundball, 6MD, EV 109.4 MPH) Jay Gagnon to second
|
|
Batting: RHB Devon Utley
|
0-0: Called Strike 0-1: Ball 1-1: Called Strike 1-2: Strikes out swinging
|
|
Batting: LHB Aaron Joyner
|
0-0: Ball 1-0: Ball 2-0: Foul Ball, location: 2F 2-1: Foul Ball, location: 2F 2-2: Ball 3-2: Foul Ball, location: 2F 3-2: SINGLE (Groundball, 34D, EV 100.0 MPH) Jay Gagnon to third Andy Wasierski to second Jay Gagnon scores Andy Wasierski to third
|
|
Batting: SHB Ryan Buchbinder
|
0-0: Ball 1-0: Ground out 4-3 (Groundball, 34, EV 101.9 MPH)
|
| Top of the 3rd over - 1 run, 3 hits, 0 errors, 2 left on base; Scranton WB 1 - Charlotte 0 |
| BOTTOM OF THE 3RD |
|
Charlotte Knights batting - Pitching for Scranton WB RailRiders : RHP Jason Sterner
|
|
Batting: RHB John Iddings
|
0-0: Ball 1-0: Hit by Pitch
|
|
Batting: RHB Steve Waltenbery
|
0-0: Called Strike 0-1: Foul Ball, location: 2F 0-2: Ball 1-2: SINGLE (Groundball, 56D, EV 111.9 MPH) John Iddings to second
|
|
Batting: RHB Jeremy Hoffert
|
0-0: Ball 1-0: Ball 2-0: Foul Ball, location: 2F 2-1: Fly out, F3 (Popup, 34, EV 73.8 MPH)
|
|
Batting: LHB Justin Stickney
|
0-0: Called Strike 0-1: SINGLE (Line Drive, 89S, EV 103.8 MPH) John Iddings to third Steve Waltenbery to second
|
|
Batting: LHB Ricardo Pagan
|
0-0: Called Strike 0-1: Ball 1-1: Called Strike 1-2: Ball 2-2: Fly out, F8 (Flyball, 89M, EV 91.9 MPH) Runner from 3rd tags up, SCORES, throw by CF
|
|
Batting: RHB Mike Warzecha
|
0-0: Ball 1-0: Swinging Strike 1-1: Foul Ball, location: 2F 1-2: Ball 2-2: Fly out, F8 (Flyball, 78S, EV 92.5 MPH)
|
| Bottom of the 3rd over - 1 run, 2 hits, 0 errors, 2 left on base; Scranton WB 1 - Charlotte 1 |
| TOP OF THE 4TH |
|
Scranton WB RailRiders batting - Pitching for Charlotte Knights : RHP Brett Kitchen
|
|
Batting: RHB Mike Gifford
|
0-0: Ball 1-0: Ball 2-0: Called Strike 2-1: SINGLE (Groundball, 25, EV 71.9 MPH) (infield hit)
|
|
Batting: LHB Jose Lebron
|
0-0: Called Strike 0-1: Called Strike 0-2: Strikes out looking
|
|
Batting: RHB Josh Zoglmann
|
0-0: Ball 1-0: Ball 2-0: Called Strike 2-1: SINGLE (Groundball, 6S, EV 74.4 MPH) (infield hit) Mike Gifford to second
|
|
Batting: SHB Jose Vargas
|
0-0: Called Strike 0-1: SINGLE (Flyball, 3D, EV 87.5 MPH) Mike Gifford to third Josh Zoglmann to second
|
|
Batting: SHB Jay Gagnon
|
0-0: Called Strike 0-1: Ball 1-1: Foul Ball, location: 2F 1-2: Ball 2-2: Foul Ball, location: 2F 2-2: SINGLE (Line Drive, 56D, EV 97.5 MPH) Mike Gifford scores Josh Zoglmann to third Jose Vargas to second Runner from 3rd tries for Home, SAFE, throw by LF to home
|
|
Batting: RHB Andy Wasierski
|
0-0: Ball 1-0: Called Strike 1-1: Ball 2-1: Swinging Strike 2-2: Foul Ball, location: 2F 2-2: Foul Ball, location: 2F 2-2: Ball 3-2: Ground out 3-1 (Groundball, 13, EV 78.1 MPH) Jose Vargas to third Jay Gagnon to second
|
|
Batting: RHB Devon Utley
|
0-0: Fly out, F3 (Popup, 3S, EV 79.4 MPH)
|
| Top of the 4th over - 2 runs, 4 hits, 0 errors, 2 left on base; Scranton WB 3 - Charlotte 1 |
| BOTTOM OF THE 4TH |
|
Charlotte Knights batting - Pitching for Scranton WB RailRiders : RHP Jason Sterner
|
|
Batting: LHB John Thurman
|
0-0: Foul Ball, location: 2F 0-1: Called Strike 0-2: Ball 1-2: Strikes out swinging
|
|
Batting: RHB Kikuo Sato
|
0-0: Called Strike 0-1: Foul Ball, location: 2F 0-2: Ball 1-2: Ball 2-2: Foul Ball, location: 2F 2-2: Ground out 5-3 (Groundball, 56, EV 108.1 MPH)
|
|
Batting: SHB Josh Conner
|
0-0: Ball 1-0: Swinging Strike 1-1: Called Strike 1-2: Fly out, F7 (Flyball, 7, EV 84.4 MPH)
|
| Bottom of the 4th over - 0 runs, 0 hits, 0 errors, 0 left on base; Scranton WB 3 - Charlotte 1 |
| TOP OF THE 5TH |
|
Scranton WB RailRiders batting - Pitching for Charlotte Knights : RHP Brett Kitchen
|
|
Batting: LHB Aaron Joyner
|
0-0: Ground out 6-3 (Groundball, 6, EV 86.9 MPH)
|
|
Batting: SHB Ryan Buchbinder
|
0-0: Ground out 5-3 (Groundball, 5, EV 80.6 MPH)
|
|
Batting: RHB Mike Gifford
|
0-0: Called Strike 0-1: Ground out 4-3 (Groundball, 4, EV 100.6 MPH)
|
| Top of the 5th over - 0 runs, 0 hits, 0 errors, 0 left on base; Scranton WB 3 - Charlotte 1 |
| BOTTOM OF THE 5TH |
|
Charlotte Knights batting - Pitching for Scranton WB RailRiders : RHP Jason Sterner
|
|
Batting: RHB John Iddings
|
0-0: Called Strike 0-1: Foul Ball, location: 2F 0-2: Ball 1-2: Ball 2-2: Strikes out swinging
|
|
Batting: RHB Steve Waltenbery
|
0-0: Called Strike 0-1: Called Strike 0-2: Ball 1-2: Strikes out swinging
|
|
Batting: RHB Jeremy Hoffert
|
0-0: Foul Ball, location: 2F 0-1: Ball 1-1: Ball 2-1: Ball 3-1: Foul Ball, location: 2F 3-2: Strikes out looking
|
| Bottom of the 5th over - 0 runs, 0 hits, 0 errors, 0 left on base; Scranton WB 3 - Charlotte 1 |
| TOP OF THE 6TH |
|
Scranton WB RailRiders batting - Pitching for Charlotte Knights : RHP Brett Kitchen
|
|
Pitching: RHP Dicky Goedhart
|
|
|
Batting: LHB Jose Lebron
|
0-0: Ball 1-0: Ground out 5-3 (Groundball, 56, EV 111.9 MPH)
|
|
Batting: RHB Josh Zoglmann
|
0-0: Ball 1-0: Foul Ball, location: 2F 1-1: Ball 2-1: Ball 3-1: Base on Balls
|
|
Batting: SHB Jose Vargas
|
0-0: Ball 1-0: Foul Ball, location: 2F 1-1: Ball 2-1: Swinging Strike 2-2: Ball 3-2: Foul Ball, location: 2F 3-2: Fly out, F8 (Flyball, 8LD, EV 98.8 MPH)
|
|
Batting: SHB Jay Gagnon
|
0-0: Called Strike 0-1: Foul Ball, location: 2F 0-2: Strikes out swinging
|
| Top of the 6th over - 0 runs, 0 hits, 0 errors, 1 left on base; Scranton WB 3 - Charlotte 1 |
| BOTTOM OF THE 6TH |
|
Charlotte Knights batting - Pitching for Scranton WB RailRiders : RHP Jason Sterner
|
|
Batting: LHB Justin Stickney
|
0-0: Fly out, F8 (Flyball, 8RM, EV 84.4 MPH)
|
|
Batting: LHB Ricardo Pagan
|
0-0: Ball 1-0: Called Strike 1-1: Ball 2-1: Ball 3-1: Called Strike 3-2: Foul Ball, location: 2F 3-2: Strikes out swinging, 2-3 out at first.
|
|
Batting: RHB Mike Warzecha
|
0-0: Ball 1-0: Foul Ball, location: 2F 1-1: Swinging Strike 1-2: Foul Ball, location: 2F 1-2: Strikes out swinging
|
| Bottom of the 6th over - 0 runs, 0 hits, 0 errors, 0 left on base; Scranton WB 3 - Charlotte 1 |
| TOP OF THE 7TH |
|
Scranton WB RailRiders batting - Pitching for Charlotte Knights : RHP Dicky Goedhart
|
|
Batting: RHB Andy Wasierski
|
0-0: Ball 1-0: Called Strike 1-1: Called Strike 1-2: Ball 2-2: Foul Ball, location: 2F 2-2: Strikes out swinging
|
|
Batting: RHB Devon Utley
|
0-0: Ball 1-0: Called Strike 1-1: Fly out, F9 (Flyball, 89D, EV 95.0 MPH)
|
|
Batting: LHB Aaron Joyner
|
0-0: Ball 1-0: Called Strike 1-1: Ball 2-1: Ball 3-1: Foul Ball, location: 2F 3-2: Strikes out swinging
|
| Top of the 7th over - 0 runs, 0 hits, 0 errors, 0 left on base; Scranton WB 3 - Charlotte 1 |
| BOTTOM OF THE 7TH |
|
Charlotte Knights batting - Pitching for Scranton WB RailRiders : RHP Jason Sterner
|
|
Batting: LHB John Thurman
|
0-0: Fly out, F7 (Flyball, 7, EV 88.8 MPH)
|
|
Batting: RHB Kikuo Sato
|
0-0: Ground out 6-3 (Groundball, 6M, EV 86.2 MPH)
|
|
Batting: SHB Josh Conner
|
0-0: Ground out 4-3 (Groundball, 4M, EV 86.9 MPH)
|
| Bottom of the 7th over - 0 runs, 0 hits, 0 errors, 0 left on base; Scranton WB 3 - Charlotte 1 |
| TOP OF THE 8TH |
|
Scranton WB RailRiders batting - Pitching for Charlotte Knights : RHP Dicky Goedhart
|
|
Pitching: RHP Chris Worster
|
|
|
Batting: SHB Ryan Buchbinder
|
0-0: Called Strike 0-1: Called Strike 0-2: Ball 1-2: Foul Ball, location: 2F 1-2: Ground out 5-3 (Groundball, 56, EV 92.5 MPH)
|
|
Batting: RHB Mike Gifford
|
0-0: Called Strike 0-1: Foul Ball, location: 2F 0-2: Ball 1-2: Strikes out looking
|
|
Batting: LHB Jose Lebron
|
0-0: Fly out, F6 (Popup, 6, EV 63.1 MPH)
|
| Top of the 8th over - 0 runs, 0 hits, 0 errors, 0 left on base; Scranton WB 3 - Charlotte 1 |
| BOTTOM OF THE 8TH |
|
Charlotte Knights batting - Pitching for Scranton WB RailRiders : RHP Jason Sterner
|
|
Batting: RHB John Iddings
|
0-0: SINGLE (Groundball, 6MD, EV 96.9 MPH)
|
|
Pinch Hitting: LHB Adam Tarbutton
|
0-0: Called Strike 0-1: Swinging Strike 0-2: Foul Ball, location: 2F 0-2: Foul Ball, location: 2F 0-2: Foul Ball, location: 2F 0-2: Ball 1-2: Ball 2-2: Grounds into double play, 6-4-3 (Groundball, 6, EV 89.4 MPH)
|
|
Batting: RHB Jeremy Hoffert
|
0-0: Called Strike 0-1: Ball 1-1: Fly out, F8 (Line Drive, 78M, EV 95.6 MPH)
|
| Bottom of the 8th over - 0 runs, 1 hit, 0 errors, 0 left on base; Scranton WB 3 - Charlotte 1 |
| TOP OF THE 9TH |
|
Scranton WB RailRiders batting - Pitching for Charlotte Knights : RHP Chris Worster
|
|
Now at 2B: Josiah Wright
|
|
|
Batting: RHB Josh Zoglmann
|
0-0: Swinging Strike 0-1: Called Strike 0-2: Ball 1-2: Foul Ball, location: 2F 1-2: Fly out, F8 (Line Drive, 78M, EV 96.2 MPH)
|
|
Batting: SHB Jose Vargas
|
0-0: Ground out 6-3 (Groundball, 6D, EV 99.4 MPH)
|
|
Batting: SHB Jay Gagnon
|
0-0: Ball 1-0: Called Strike 1-1: Foul Ball, location: 2F 1-2: Foul Ball, location: 2F 1-2: Ball 2-2: Strikes out looking
|
| Top of the 9th over - 0 runs, 0 hits, 0 errors, 0 left on base; Scranton WB 3 - Charlotte 1 |
| BOTTOM OF THE 9TH |
|
Charlotte Knights batting - Pitching for Scranton WB RailRiders : RHP Jason Sterner
|
|
Pitching: RHP Eric Aguilar
|
|
|
Batting: LHB Justin Stickney
|
0-0: Called Strike 0-1: Swinging Strike 0-2: Ground out U3 (Groundball, 3, EV 85.6 MPH)
|
|
Batting: LHB Ricardo Pagan
|
0-0: Ball 1-0: Called Strike 1-1: Foul Ball, location: 2F 1-2: Ball 2-2: Strikes out swinging
|
|
Batting: RHB Mike Warzecha
|
0-0: Ball 1-0: Called Strike 1-1: Swinging Strike 1-2: Foul Ball, location: 2F 1-2: Foul Ball, location: 2F 1-2: Ball 2-2: Foul Ball, location: 2F 2-2: Ball 3-2: Foul Ball, location: 2F 3-2: Fly out, F9 (Flyball, 9LM, EV 82.5 MPH)
|
| Bottom of the 9th over - 0 runs, 0 hits, 0 errors, 0 left on base; Scranton WB 3 - Charlotte 1 |
|